 Dungeon Crawl Stone Soup version 0.23.1 (webtiles) character file.

Game seed: 8204553954433284191

44 Descartes the Twirler (level 3, 0/18 HPs)
             Began as a Vine Stalker Wanderer on Mar 3, 2019.
             Succumbed to an adder's poison
             ... on level 4 of the Dungeon.
             The game lasted 00:03:38 (1237 turns).

Descartes the Twirler (Vine Stalker Wanderer)       Turns: 1237, Time: 00:03:39

Health: 0/18       AC:  9    Str: 15    XL:     3   Next: 60%
Magic:  3/4        EV:  6    Int: 13    God:
Gold:   138        SH:  0    Dex: 12    Spells: 2/2 levels left

rFire    . . .     SeeInvis +   a - +2 quarterstaff
rCold    . . .     Gourm    .   (shield currently unavailable)
rNeg     . . .     Faith    .   p - +0 chain mail
rPois    .         Spirit   +   (no helmet)
rElec    .         Reflect  .   n - +0 cloak
rCorr    .         Harm     .   (no gloves)
MR       .....                  (no boots)
Stlth    ..........             (no amulet)
HPRegen  0.06/turn              t - ring of see invisible
MPRegen  0.09/turn              (no ring)

@: lethally poisoned (0 -> -11)
A: fangs 2, magic shield, antimagic bite, no potion heal 3, rot immunity
a: no special abilities


You were on level 4 of the Dungeon.
You were not hungry.

You visited 1 branch of the dungeon, and saw 3 of its levels.

You collected 138 gold pieces.

Inventory:

Hand Weapons
 a - a +2 quarterstaff (weapon)
 b - a +0 hunting sling
Missiles
 h - 49 stones (quivered)
 l - 11 bolts
 u - 23 sling bullets
Armour
 d - a +0 robe
 n - a +0 cloak (worn)
 o - a +0 plate armour
 p - a +0 chain mail (worn)
Jewellery
 t - a ring of see invisible (left hand)
Scrolls
 c - 3 scrolls of enchant weapon {unknown}
 e - a scroll of teleportation {unknown}
 g - 2 scrolls of remove curse {unknown}
 i - a scroll of enchant armour {unknown}
 r - 2 scrolls of identify {unknown}
Potions
 j - 3 potions of brilliance {unknown}
 k - 2 potions of magic {unknown}
 s - 2 potions of degeneration {unknown}
 v - a potion of curing {unknown}
Comestibles
 f - 5 rations
 m - a chunk of flesh


   Skills:
 + Level 1.5 Fighting
   Level 2.6 Axes
 + Level 3.0 Staves
 - Level 1.0 Throwing
 - Level 1.0 Armour
 + Level 0.8 Dodging
 - Level 1.2 Stealth
 * Level 1.8 Unarmed Combat


You had 2 spell levels left.
You didn't know any spells.
Your spell library was empty.

Dungeon Overview and Level Annotations

Branches:
Dungeon (2/15)

Altars:


Innate Abilities, Weirdness & Mutations

You have extremely sharp teeth.
When hurt, damage is shared between your health and your magic reserves.
Your bite disrupts and absorbs the magic of your enemies.
Potions cannot restore your health.
You are immune to rotting.


Message History

You miss the adder.
The ball python hisses angrily.
You bite the adder, but do no damage.
The adder is almost dead.
You feel sick. The adder bites you but does no damage. The adder bites you.
You are more poisoned.
The adder poisons you!
* * * LOW HITPOINT WARNING * * *
You feel sick.
* * * LOW HITPOINT WARNING * * *
You feel sick.
* * * LOW HITPOINT WARNING * * *
You feel sick.
* * * LOW HITPOINT WARNING * * *
You feel sick. The adder bites you but does no damage.
* * * LOW HITPOINT WARNING * * *
You feel sick.
You hit the adder.
You kill the adder!
You die...

### #.# #@## #### # ##.
##.## #..# ..#.# #..###
#..# #.#.
#..#####o..###..# ##...
#..............###.###
.....................#..
......o.................
.....S..................
.!......................


You could see an orc.

Vanquished Creatures
  An adder (D:4)
  A worm (D:2)
  2 dart slugs
  3 giant cockroaches
  5 goblins
  2 hobgoblins
  3 bats (D:1)
  A frilled lizard (D:4)
  6 kobolds
  3 rats
27 creatures vanquished.

Notes
Turn   | Place    | Note
-------+----------+-------------------------------------------
     0 | D:1      | Descartes the Vine Stalker Wanderer began the quest for the
                  | Orb.
     0 | D:1      | Descartes set off with the following items: a +2
                  | quarterstaff, a +0 mace, a +0 hand axe, a +0 robe, a ration
     0 | D:1      | Reached XP level 1. HP: 10/10 MP: 2/2
    96 | D:1      | Reached XP level 2. HP: 8/14 MP: 3/3
   415 | D:1      | Reached skill level 1 in Unarmed Combat
   957 | D:2      | Reached XP level 3. HP: 16/18 MP: 4/4
  1015 | D:2      | Reached skill level 3 in Staves
  1071 | D:2      | You fall through a shaft for 2 floors!
  1237 | D:4      | Succumbed to an adder's poison

Skill      XL: |  1  2  3 |
---------------+----------+-----
Unarmed Combat | 1 |  1.8
Staves         | 3 |  3.0
Fighting       | |  1.5
Axes           | |  2.6
Throwing       | |  1.0
Armour         | |  1.0
Dodging        | |  0.8
Stealth        | |  1.2

Action                   || total
-------------------------++-------
Melee: Quarterstaff      ||    59
       Bite              ||    10
 Fire: Hunting sling     ||     7
  Eat: Chunk             ||     1
Armor: Robe              ||     3
       Chain mail        ||    31
Dodge: Dodged            ||    23
